[Event "Early-Titled-Tuesday-Blitz-January-23-2024"]
[Site "Chess.com"]
[Date "2024.01.23"]
[Round "11"]
[White "tandaleo"]
[Black "Alexei_Kornev"]
[Result "0-1"]
[WhiteElo "2551"]
[BlackElo "2728"]
[TimeControl "180+1"]
[EndTime "10:03:39 PST"]
[Termination "Alexei_Kornev won by resignation"]

1. d4 Nf6 2. Nf3 g6 3. Nbd2 d5 4. e3 Bg7 5. b4 O-O 6. c4 b6 7. b5 c5 8. dxc5 Ne4 9. Nxe4 Bxa1 10. cxd5 bxc5 11. Bc4 Nd7 12. O-O Nb6 13. Qb3 Bg7 14. Rd1 Qc7 15. a4 a6 16. Ba3 Nxc4 17. Qxc4 axb5 18.
Qxb5 Bg4 19. Qxc5 Qd7 20. a5 Qa4 21. Rd3 Qxe4 0-1

[Event "Early-Titled-Tuesday-Blitz-January-23-2024"]
[Site "Chess.com"]
[Date "2024.01.23"]
[Round "11"]
[White "Saraisitave"]
[Black "Larina_Maria"]
[Result "1-0"]
[WhiteElo "2305"]
[BlackElo "2180"]
[TimeControl "180+1"]
[EndTime "10:04:10 PST"]
[Termination "Saraisitave won by checkmate"]

1. e4 c6 2. d4 d5 3. Nc3 dxe4 4. Nxe4 Nf6 5. Nxf6+ exf6 6. Nf3 Bg4 7. Bd3 Bd6 8. c3 O-O 9. Be3 f5 10. h3 f4 11. hxg4 fxe3 12. Bxh7+ Kh8 13. Qd3 g6 14. Bxg6+ Kg7 15. Rh7+ Kg8 16. Bxf7+ Rxf7 17. Qg6+ Kf8 18. Qxf7# 1-0

[Event "Early-Titled-Tuesday-Blitz-January-23-2024"]
[Site "Chess.com"]
[Date "2024.01.23"]
[Round "11"]
[White "falzehope0"]
[Black "AsselLesbekova"]
[Result "0-1"]
[WhiteElo "2396"]
[BlackElo "2314"]
[TimeControl "180+1"]
[EndTime "10:04:19 PST"]
[Termination "AsselLesbekova won by checkmate"]

1. d4 d5 2. e3 a6 3. Bd3 c5 4. c3 c4 5. Bc2 b5 6. e4 Nf6 7. e5 Nfd7 8. f4 e6 9. Nf3 Nc6 10. f5 exf5 11. Bxf5 Ndxe5 12. Bxc8 Nd3+ 13. Kf1 Rxc8 14. Bg5 Be7 15. Qd2 Bxg5 16. Nxg5 Qf6+ 17. Nf3 O-O 18.
Na3 b4 19. Nc2 bxc3 20. bxc3 Rb8 21. Ne1 Rb2 22. Qg5 Qe6 23. Nxd3 Qe2+ 24. Kg1 cxd3 25.
Re1 Qf2# 0-1

[Event "Early-Titled-Tuesday-Blitz-January-23-2024"]
[Site "Chess.com"]
[Date "2024.01.23"]
[Round "11"]
[White "PepeCuenca"]
[Black "Iunusovnuriddin"]
[Result "1-0"]
[WhiteElo "2681"]
[BlackElo "2309"]
[TimeControl "180+1"]
[EndTime "10:04:22 PST"]
[Termination "PepeCuenca won by resignation"]

1. d4 Nf6 2. Bf4 c5 3. d5 Qb6 4. b3 Qb4+ 5. Bd2 Qd4 6. Nc3 Nxd5 7. Nxd5 Qxd5 8. c4 Qh5 9. Bc3 Nc6 10. Nf3 d6 11. e3 Bg4 12. Be2 e6 13. h3 O-O-O 14. O-O Bxf3 15. Bxf3 Qg6 16. a3 Ne5 17. Be2 Be7 18.
b4 Bf6 19. Rc1 h5 20. Qa4 Kb8 21. Rb1 b6 22. Qa6 Nd7 23. Bf3 d5 24. cxd5 1-0

[Event "Early-Titled-Tuesday-Blitz-January-23-2024"]
[Site "Chess.com"]
[Date "2024.01.23"]
[Round "11"]
[White "Lennis93"]
[Black "ural58"]
[Result "1-0"]
[WhiteElo "2664"]
[BlackElo "2458"]
[TimeControl "180+1"]
[EndTime "10:04:44 PST"]
[Termination "Lennis93 won by resignation"]

1. d4 d5 2. c4 e5 3. dxe5 d4 4. Nf3 Nc6 5. Bf4 Nge7 6. a3 Ng6 7. Bg3 h5 8. h4 a5 9. Qd3 Bg4 10. Nbd2 Qd7 11. Nb3 Rd8 12. Rd1 Bxf3 13. gxf3 Be7 14.
Bh3 Ncxe5 15. Bxd7+ 1-0

[Event "Early-Titled-Tuesday-Blitz-January-23-2024"]
[Site "Chess.com"]
[Date "2024.01.23"]
[Round "11"]
[White "JuniorJumper"]
[Black "tolimachess"]
[Result "0-1"]
[WhiteElo "2553"]
[BlackElo "2484"]
[TimeControl "180+1"]
[EndTime "10:04:47 PST"]
[Termination "tolimachess won by resignation"]

1. b3 Nf6 2. Bb2 g6 3. Nf3 Bg7 4. g3 O-O 5. Bg2 d5 6. O-O c5 7. d3 Nc6 8. Nbd2 Re8 9. e4 d4 10. h3 e5 11. Nh2 Nh5 12. f4 Nxg3 13. Rf3 exf4 14. Rxf4 Qg5 15. Qf3 Ne5 16. Qf2 Bh6 17. Rf6 Nh5 18. Rf1 Qxf6 19. Qxf6 Nxf6 20. Rxf6 Bxd2 0-1

[Event "Early-Titled-Tuesday-Blitz-January-23-2024"]
[Site "Chess.com"]
[Date "2024.01.23"]
[Round "11"]
[White "salomez"]
[Black "AnaKuchava"]
[Result "1-0"]
[WhiteElo "2307"]
[BlackElo "2213"]
[TimeControl "180+1"]
[EndTime "10:05:03 PST"]
[Termination "salomez won by resignation"]

1. e4 c5 2. Nf3 d6 3. d4 cxd4 4. Nxd4 Nf6 5. Nc3 Nc6 6. Bc4 e6 7. Be3 a6 8. Bb3 Qc7 9. Qe2 Be7 10. O-O-O b5 11. Rhg1 b4 12. Nxc6 Qxc6 13. Ba4 Bd7 14. Bxc6 Bxc6 15. Nb1 Nxe4 16. Nd2 Nf6 17. f4 Bb5 18.
Qf3 Rc8 19. Kb1 d5 20. g4 a5 21. g5 Nd7 22. f5 Ne5 23. Qg3 Bd6 24. Bf4 Nc4 25.
Nxc4 Bxf4 26. Nd6+ Bxd6 27. Qxd6 Bd7 28. f6 1-0

[Event "Early-Titled-Tuesday-Blitz-January-23-2024"]
[Site "Chess.com"]
[Date "2024.01.23"]
[Round "11"]
[White "Boninknights"]
[Black "Orphanator2009"]
[Result "1-0"]
[WhiteElo "2360"]
[BlackElo "2449"]
[TimeControl "180+1"]
[EndTime "10:05:08 PST"]
[Termination "Boninknights won by resignation"]

1. b3 f5 2. Bb2 Nf6 3. Bxf6 exf6 4. e3 g6 5. c4 Bg7 6. Nc3 O-O 7. g3 b6 8. Bg2 Nc6 9. Nge2 Bb7 10. O-O Re8 11. b4 Rb8 12. b5 Ne5 13. Bxb7 Rxb7 14. d3 d6 15. a4 Qd7 16. Nf4 Bh6 17. Nfd5 Kg7 18.
a5 Rbb8 19. f4 Nf7 20. Qc2 Nd8 21. axb6 axb6 22. Ra7 Ne6 23. Rfa1 Kf7 24. Qb2 Bg7 25. R1a6 Qc8 26. Nxb6 Qd8 27. Nbd5 Kg8 28. Rc6 Nc5 29.
Rcxc7 1-0

[Event "Early-Titled-Tuesday-Blitz-January-23-2024"]
[Site "Chess.com"]
[Date "2024.01.23"]
[Round "11"]
[White "ScofieldMichael01"]
[Black "SulfatoFerroso"]
[Result "1-0"]
[WhiteElo "2611"]
[BlackElo "2122"]
[TimeControl "180+1"]
[EndTime "10:05:10 PST"]
[Termination "ScofieldMichael01 won by checkmate"]

1. Nf3 d5 2. g3 c5 3. Bg2 Nc6 4. O-O e5 5. d3 Nf6 6. Nbd2 h6 7.
e4 d4 8. Nc4 Nd7 9. a4 f6 10.
Nh4 Qc7 11. Qh5+ Kd8 12. Bh3 Nb6 13. Bxc8 Rxc8 14. b3 Nxc4 15. bxc4 Bd6 16. f4 g5 17.
fxg5 fxg5 18. Bxg5+ Kd7 19. Qf7+ Ne7 20. Bxe7 Bxe7 21.
Ng6 Rhe8 22. Rab1 b6 23. a5 Rcd8 24. axb6 axb6 25. Qd5+ Kc8 26. Qe6+ Kb7 27. Rf7 Rd7 28. Rxb6+ Qxb6 29. Qxd7+ Ka6 30. Qxe8 Qb1+ 31. Kg2 Qxc2+ 32.
Kh3 Bg5 33. Qb5# 1-0

[Event "Early-Titled-Tuesday-Blitz-January-23-2024"]
[Site "Chess.com"]
[Date "2024.01.23"]
[Round "11"]
[White "Irishchessman16"]
[Black "DrCeltic"]
[Result "1-0"]
[WhiteElo "2515"]
[BlackElo "2590"]
[TimeControl "180+1"]
[EndTime "10:05:11 PST"]
[Termination "Irishchessman16 won by resignation"]

1. d4 d5 2. c4 c6 3. Nf3 Nf6 4. Nc3 dxc4 5. e4 b5 6. e5 Nd5 7. Ng5 Bf5 8. Qf3 e6 9. h4 b4 10.
Nce4 h6 11. Nxf7 Kxf7 12. g4 g6 13. gxf5 exf5 14. h5 Ke6 15. hxg6 Qe8 16. Bh3 Qxg6 17. Ng3 Ne7 18. Bd2 a5 19. O-O-O Bg7 20. Rhg1 Qf7 21.
Nh5 Rg8 22. Nf4+ 1-0

[Event "Early-Titled-Tuesday-Blitz-January-23-2024"]
[Site "Chess.com"]
[Date "2024.01.23"]
[Round "11"]
[White "GothamChess"]
[Black "shimastream"]
[Result "0-1"]
[WhiteElo "2772"]
[BlackElo "3013"]
[TimeControl "180+1"]
[EndTime "10:05:14 PST"]
[Termination "shimastream won by resignation"]

1. e4 d5 2. exd5 Qxd5 3. Nf3 Bg4 4. Be2 Nc6 5. h3 Bf5 6. O-O O-O-O 7. Nc3 Qd7 8. d3 e5 9. Be3 f6 10. Nh4 Be6 11.
f4 exf4 12. Rxf4 g5 13. Ra4 gxh4 14. b4 Bxb4 15. Ne4 f5 16. a3 Be7 17. Nc5 Bxc5 18. Bxc5 b6 19. Bf3 bxc5 20. Qb1 Bd5 21. Qb5 Nb8 22.
Qxc5 Bxf3 0-1

[Event "Early-Titled-Tuesday-Blitz-January-23-2024"]
[Site "Chess.com"]
[Date "2024.01.23"]
[Round "11"]
[White "Kostukov_Alex"]
[Black "Chesstiger64"]
[Result "1-0"]
[WhiteElo "2298"]
[BlackElo "2208"]
[TimeControl "180+1"]
[EndTime "10:05:20 PST"]
[Termination "Kostukov_Alex won by checkmate"]

1. g3 e5 2. c4 Nc6 3. Bg2 Bc5 4. Nc3 d6 5. e3 a6 6. Nge2 h5 7. d4 Ba7 8. h3 Nf6 9. dxe5 Nxe5 10. b3 c6 11. Ba3 Bc5 12. Bxc5 dxc5 13. Qxd8+ Kxd8 14. O-O-O+ Kc7 15. f4 Ng6 16. e4 b5 17. e5 Nd7 18. cxb5 axb5 19. Nxb5+ Kb6 20. Nbc3 c4 21. b4 Nb8 22. Rd6 Bb7 23. a4 Ne7 24. a5+ Kc7 25.
Nd4 Na6 26. b5 cxb5 27. Ndxb5+ Kb8 28. Bxb7 Kxb7 29. Rd7+ Kc6 30. Rxe7 Nb4 31. Rc7# 1-0

[Event "Early-Titled-Tuesday-Blitz-January-23-2024"]
[Site "Chess.com"]
[Date "2024.01.23"]
[Round "11"]
[White "Slovineanu"]
[Black "otrov-11"]
[Result "1-0"]
[WhiteElo "2438"]
[BlackElo "2501"]
[TimeControl "180+1"]
[EndTime "10:05:25 PST"]
[Termination "Slovineanu won by resignation"]

1. d4 Nf6 2. Nf3 e6 3. c4 b6 4.
e3 Bb7 5. Bd3 Be7 6. O-O O-O 7. b3 d5 8. Bb2 Nbd7 9. Nc3 dxc4 10. bxc4 c5 11. Qe2 cxd4 12. exd4 Rc8 13. Rad1 Re8 14.
Ne5 Qc7 15. Nb5 Qb8 16. d5 exd5 17. Nxd7 Nxd7 18. Bf5 Rcd8 19. Bxd7 Rxd7 20. Qg4 Bf8 21.
Qxd7 dxc4 22. Nd6 Bxd6 23. Qxd6 Qc8 24. Qd4 f6 25. Rfe1 Rxe1+ 26. Rxe1 Qc6 27. f3 1-0

[Event "Early-Titled-Tuesday-Blitz-January-23-2024"]
[Site "Chess.com"]
[Date "2024.01.23"]
[Round "11"]
[White "deribas12345"]
[Black "Kostya0705"]
[Result "1-0"]
[WhiteElo "2470"]
[BlackElo "2556"]
[TimeControl "180+1"]
[EndTime "10:05:31 PST"]
[Termination "deribas12345 won by resignation"]

1. d4 Nf6 2. c4 e6 3. Nc3 Bb4 4. a3 Bxc3+ 5. bxc3 O-O 6. f3 c5 7. e4 Ne8 8. Bd3 b6 9. Ne2 Ba6 10. O-O Nc6 11. Be3 d6 12. f4 Na5 13. Ng3 Rc8 14.
Qg4 Kh8 15. Rad1 Bxc4 16. Bxc4 Nxc4 17. Bc1 cxd4 18. cxd4 Nf6 19. Qh3 Qe7 20. f5 Qd7 21. Bg5 Ng8 22. f6 gxf6 23. Rxf6 Nb2 24. Rdf1 Nd3 25. Nh5 Rc3 26. R6f3 1-0

[Event "Early-Titled-Tuesday-Blitz-January-23-2024"]
[Site "Chess.com"]
[Date "2024.01.23"]
[Round "11"]
[White "ATM622"]
[Black "samirliberec"]
[Result "1-0"]
[WhiteElo "2496"]
[BlackElo "2364"]
[TimeControl "180+1"]
[EndTime "10:05:35 PST"]
[Termination "ATM622 won by resignation"]

1. d4 Nf6 2. c4 c5 3. d5 d6 4. Nc3 g6 5. g3 Bg7 6. Bg2 O-O 7. Nf3 e6 8. O-O exd5 9. cxd5 a6 10. a4 Nbd7 11. Bf4 Qe7 12. Qc2 h6 13. e4 Nh5 14. Be3 Ne5 15. Nxe5 Bxe5 16. Bxh6 Re8 17. Be3 f5 18. f4 Bd4 19. Bxd4 cxd4 20. Ne2 Qf6 21.
Qd3 fxe4 22. Bxe4 Bf5 23. Bxf5 gxf5 24. Nxd4 Re4 25. Rad1 Rae8 26. Ne6 Qxb2 27. Rb1 Qf6 28. Rxb7 Re2 29. Qxe2 1-0

[Event "Early-Titled-Tuesday-Blitz-January-23-2024"]
[Site "Chess.com"]
[Date "2024.01.23"]
[Round "11"]
[White "Martial2008"]
[Black "GlavkonVVS"]
[Result "1-0"]
[WhiteElo "2669"]
[BlackElo "2492"]
[TimeControl "180+1"]
[EndTime "10:05:41 PST"]
[Termination "Martial2008 won by checkmate"]

1. d4 Nf6 2. Nf3 g6 3. Bg5 Bg7 4. Nbd2 O-O 5. c3 d6 6. e4 Nbd7 7. Bd3 c5 8. O-O a6 9. Re1 h6 10. Bh4 g5 11. Bg3 Nh5 12. e5 Nxg3 13. hxg3 cxd4 14. cxd4 dxe5 15. dxe5 Nc5 16. Bb1 Re8 17. Qc2 Ne6 18. Qh7+ Kf8 19. Bf5 Nd4 20. Bxc8 Rxc8 21.
Rad1 Ne6 22. Ne4 Qa5 23. Nh2 Qxe5 24. Ng4 Qxb2 25. Rd2 Qb4 26. Nxh6 Bxh6 27. Qh8# 1-0

[Event "Early-Titled-Tuesday-Blitz-January-23-2024"]
[Site "Chess.com"]
[Date "2024.01.23"]
[Round "11"]
[White "Binary010"]
[Black "Iskusnyh"]
[Result "1-0"]
[WhiteElo "2883"]
[BlackElo "2666"]
[TimeControl "180+1"]
[EndTime "10:05:49 PST"]
[Termination "Binary010 won by resignation"]

1. e4 e6 2. d4 d5 3. e5 c5 4. c3 Nc6 5. Nf3 Nge7 6. Bd3 cxd4 7. cxd4 Nf5 8. Bxf5 exf5 9. O-O Be7 10. Nc3 Be6 11. Be3 g5 12. Rc1 f4 13. Bd2 Bg4 14. h3 Bh5 15. Be1 Rg8 16. Qd3 Bxf3 17. Qxf3 Nxd4 18.
Qd3 Ne6 19. Nxd5 Rg6 20. Bc3 g4 21. hxg4 Rxg4 22. Rfd1 Rg6 23. Qb5+ Kf8 24. Nxe7 1-0

[Event "Early-Titled-Tuesday-Blitz-January-23-2024"]
[Site "Chess.com"]
[Date "2024.01.23"]
[Round "11"]
[White "Aleksandar-Topalov"]
[Black "chess_blitz00"]
[Result "1-0"]
[WhiteElo "2352"]
[BlackElo "2436"]
[TimeControl "180+1"]
[EndTime "10:05:49 PST"]
[Termination "Aleksandar-Topalov won by resignation"]

1. b3 b6 2. Bb2 Bb7 3. Nf3 Nf6 4. g3 Bxf3 5. exf3 d5 6. f4 Nbd7 7. f5 g6 8. fxg6 hxg6 9. Bg2 Bg7 10. Bxd5 Nxd5 11.
Bxg7 Rh7 12. Bb2 N7f6 13. Nc3 Nxc3 14. Bxc3 Qd5 15. f3 O-O-O 16. Qe2 Rd6 17. O-O-O Re6 18. Qf2 Rh8 19. h4 Rd8 20. Rhe1 Rdd6 21. g4 Rxe1 22. Rxe1 Re6 23. Re3 Qc5 24. Qe2 Kd7 25. Rxe6 fxe6 26. Qd3+ Nd5 27. Bd4 Qa3+ 28. Bb2 Qc5 29. c4 Qg1+ 30.
Kc2 Qc5 31. Kb1 Qg1+ 32. Bc1 Kc6 33. cxd5+ exd5 34. Qxg6+ Kb5 35. h5 c5 36. Qd3+ c4 37.
Qxd5+ Ka6 38. Qxc4+ Kb7 1-0

[Event "Early-Titled-Tuesday-Blitz-January-23-2024"]
[Site "Chess.com"]
[Date "2024.01.23"]
[Round "11"]
[White "SpongeBob_03"]
[Black "rionelG"]
[Result "0-1"]
[WhiteElo "2212"]
[BlackElo "2306"]
[TimeControl "180+1"]
[EndTime "10:05:49 PST"]
[Termination "rionelG won by resignation"]

1. e4 c5 2. Nf3 d6 3. d4 cxd4 4. Nxd4 Nf6 5. Nc3 a6 6. Bg5 e6 7.
f4 h6 8. Bh4 Qb6 9. Qd2 Qxb2 10. Rb1 Qa3 11. e5 dxe5 12. fxe5 Nfd7 13. Ndb5 axb5 14. Nxb5 Qc5 15. Qd4 Na6 16. Rd1 Qxd4 17. Rxd4 Bc5 18. Nd6+ Bxd6 19. exd6 Nac5 20. Bb5 Rxa2 21.
O-O O-O 22. Be7 Re8 23. Rc4 b6 24. Rcf4 f6 25. Rg4 Kf7 26. Rgf4 Ba6 27. Bxd7 Nxd7 28.
Rb1 Rc8 0-1

[Event "Early-Titled-Tuesday-Blitz-January-23-2024"]
[Site "Chess.com"]
[Date "2024.01.23"]
[Round "11"]
[White "Bkmzzzzz"]
[Black "HanSchut"]
[Result "1-0"]
[WhiteElo "2397"]
[BlackElo "2255"]
[TimeControl "180+1"]
[EndTime "10:05:51 PST"]
[Termination "Bkmzzzzz won by resignation"]

1. e4 c5 2. Nf3 d6 3. d4 cxd4 4. Qxd4 Nc6 5. Bb5 Bd7 6. Qd3 Rc8 7. Nc3 Nb4 8. Qe2 Nxc2+ 9. Qxc2 Bxb5 10. Qb3 Ba6 11.
Be3 Qa5 12. Bxa7 Nf6 13. Bb6 Rxc3 14. bxc3 Qh5 15. e5 dxe5 16. Rd1 Nd7 17. Rxd7 Kxd7 18.
Qd5+ 1-0

[Event "Early-Titled-Tuesday-Blitz-January-23-2024"]
[Site "Chess.com"]
[Date "2024.01.23"]
[Round "11"]
[White "eagleclaw07"]
[Black "emeli_chess"]
[Result "1-0"]
[WhiteElo "2643"]
[BlackElo "2463"]
[TimeControl "180+1"]
[EndTime "10:05:53 PST"]
[Termination "eagleclaw07 won by resignation"]

1. d4 Nf6 2. c4 e6 3. g3 d5 4. Nf3 dxc4 5. Bg2 Nc6 6. O-O Rb8 7. Nc3 b5 8. Ne5 Nb4 9. a3 Nbd5 10. Nc6 Qd6 11.
Nxb8 Qb6 12. a4 b4 13. Nb5 Qxb8 14. e4 Nb6 15. Bf4 Na8 16. Rc1 Qb6 17. Rxc4 c6 18.
d5 c5 19. d6 Bd7 20. e5 Nd5 21. Bxd5 exd5 22. Qxd5 Qc6 23. Qxc6 Bxc6 24. Rxc5 Bxb5 25.
axb5 Nb6 26. Ra1 g5 27. Bxg5 Bg7 28. Rxa7 O-O 29. d7 1-0

[Event "Early-Titled-Tuesday-Blitz-January-23-2024"]
[Site "Chess.com"]
[Date "2024.01.23"]
[Round "11"]
[White "verrbaa"]
[Black "Lion-Al-Messi"]
[Result "0-1"]
[WhiteElo "2488"]
[BlackElo "2579"]
[TimeControl "180+1"]
[EndTime "10:05:53 PST"]
[Termination "Lion-Al-Messi won on time"]

1. e4 c5 2. Nf3 e6 3. d4 cxd4 4. Nxd4 a6 5. Bd3 Bc5 6. Nb3 Be7 7. O-O Nc6 8. c4 Nf6 9. Qe2 d6 10. Nc3 O-O 11. f4 b6 12. Rf3 Bb7 13. Rg3 Qc7 14. Bd2 Rad8 15. Re1 Rfe8 16. Rh3 g6 17. Qf2 Nb4 18.
Bb1 Qxc4 19. Qxb6 Ba8 20. Qd4 Qxd4+ 21. Nxd4 d5 22. e5 Bc5 23. Be3 Ng4 24. Rd1 Nxe3 25. Rxe3 Nc6 26. Nce2 Rb8 27. Rb3 Rxb3 28. axb3 Rb8 29.
Kf1 Nxd4 30. Nxd4 Rb4 31. Ne2 Rxb3 32. Rd2 a5 33. Rc2 Bf8 34. Ba2 Re3 35. Kf2 Re4 36. Rc8 Bb7 37. Rc7 Ba6 38. Nc3 Rxf4+ 39. Ke3 Rb4 40. Ra7 d4+ 41. Kf3 dxc3 42. bxc3 Rb6 0-1

[Event "Early-Titled-Tuesday-Blitz-January-23-2024"]
[Site "Chess.com"]
[Date "2024.01.23"]
[Round "11"]
[White "yaguigor"]
[Black "eightbyeightchess"]
[Result "1-0"]
[WhiteElo "2642"]
[BlackElo "2413"]
[TimeControl "180+1"]
[EndTime "10:06:02 PST"]
[Termination "yaguigor won by resignation"]

1. Nf3 d5 2. d4 Nf6 3. c4 c6 4. Nc3 dxc4 5. a4 Bf5 6. e3 e6 7.
Bxc4 Nbd7 8. O-O Bb4 9. Qe2 Bg6 10. Rd1 Qc7 11. Bd2 O-O 12. Rac1 a5 13. Bd3 Bxd3 14.
Qxd3 Rfd8 15. Ne4 Nxe4 16. Qxe4 h6 17. Bxb4 axb4 18. b3 Ra5 19. h4 Rd5 20. g3 Qd6 21.
Qc2 Rf5 22. Kg2 Rf6 23. e4 Qb8 24. Qc4 Re8 25. Qxb4 e5 26. d5 cxd5 27. Rxd5 Rg6 28. Rxd7 1-0

[Event "Early-Titled-Tuesday-Blitz-January-23-2024"]
[Site "Chess.com"]
[Date "2024.01.23"]
[Round "11"]
[White "NowInChess"]
[Black "ImportedItalianMaple"]
[Result "0-1"]
[WhiteElo "2276"]
[BlackElo "2432"]
[TimeControl "180+1"]
[EndTime "10:06:04 PST"]
[Termination "ImportedItalianMaple won on time"]

1. e4 g6 2. d3 Bg7 3. g3 d5 4. Nd2 dxe4 5. dxe4 c5 6. Bg2 Nc6 7. Ngf3 Nf6 8. O-O O-O 9. Re1 b6 10. c3 Bb7 11. Qe2 e6 12. Nc4 Ba6 13. Bf4 Nd7 14. Nfd2 Nde5 15. Bxe5 Nxe5 16. f4 Nd3 17. e5 Rb8 18.
Red1 Nxb2 19. Nb3 Nxd1 20. Rxd1 Bxc4 21. Rxd8 Bxe2 22. Rxb8 Rxb8 23. Kf2 Bc4 0-1

[Event "Early-Titled-Tuesday-Blitz-January-23-2024"]
[Site "Chess.com"]
[Date "2024.01.23"]
[Round "11"]
[White "Horokoskii"]
[Black "agvega14"]
[Result "0-1"]
[WhiteElo "2076"]
[BlackElo "2159"]
[TimeControl "180+1"]
[EndTime "10:06:06 PST"]
[Termination "agvega14 won by checkmate"]

1. d4 d5 2. c4 e6 3. Nf3 Nf6 4.
g3 dxc4 5. Bg2 Bb4+ 6. Bd2 a5 7. O-O O-O 8. Ne5 Nc6 9. Nxc6 bxc6 10. Bxb4 axb4 11.
Nd2 c3 12. bxc3 bxc3 13. Nb3 Ba6 14. Qc2 Nd5 15. Rfe1 Bb5 16. Bxd5 cxd5 17. Qxc3 Bc4 18. e3 c6 19. Red1 Ra3 20. Qb4 Qa8 21. Rdb1 Rb8 22. Qc3 Rxa2 23. Nc5 Rxb1+ 24. Rxb1 h5 25. Kg2 h4 26. gxh4 Qd8 27. Kg3 Qf6 28. Rb2 Qg6+ 29. Kh3 Bf1# 0-1

[Event "Early-Titled-Tuesday-Blitz-January-23-2024"]
[Site "Chess.com"]
[Date "2024.01.23"]
[Round "11"]
[White "ukchessbomber"]
[Black "Jumbo"]
[Result "0-1"]
[WhiteElo "2690"]
[BlackElo "2956"]
[TimeControl "180+1"]
[EndTime "10:06:07 PST"]
[Termination "Jumbo won on time"]

1. c4 e5 2. d3 Nf6 3. a3 a5 4.
Nc3 Nc6 5. g3 d5 6. cxd5 Nxd5 7.
Bg2 Nb6 8. Nf3 Be7 9. O-O Be6 10. Be3 O-O 11. Rc1 a4 12. Bxb6 cxb6 13. Nd2 Bg5 14.
e3 Qxd3 15. Nde4 Qxd1 16. Rfxd1 Be7 17. Nd6 Bb3 18. Nxb7 Bxd1 19. Rxd1 Na5 20. Nd5 Bd8 21. Nc3 Rb8 22. Nxa5 bxa5 23. Nxa4 h5 24. h3 h4 25.
g4 Re8 26. Kf1 e4 27. Rd5 Bf6 28. Rxa5 Bxb2 29. Nc5 Re5 30. Bxe4 Rc8 31. Rb5 Bxa3 0-1

[Event "Early-Titled-Tuesday-Blitz-January-23-2024"]
[Site "Chess.com"]
[Date "2024.01.23"]
[Round "11"]
[White "campochess"]
[Black "tarno17"]
[Result "1-0"]
[WhiteElo "2092"]
[BlackElo "2062"]
[TimeControl "180+1"]
[EndTime "10:06:09 PST"]
[Termination "campochess won by resignation"]

1. e4 c5 2. b4 d5 3. exd5 Qxd5 4. Nc3 Qd8 5. bxc5 e5 6. Bb5+ Bd7 7. Qe2 Bxb5 8. Qxb5+ Qd7 9. Nf3 Nc6 10. O-O a6 11. Qc4 Be7 12. d4 exd4 13. Nd5 Nf6 14.
Nb6 Qd8 15. Nxa8 Qxa8 16. Nxd4 Nxd4 17. Qxd4 O-O 18. Be3 Qc8 19. Rfd1 h6 20. Rab1 Qc6 21. Rb6 Qc7 22. Qb4 Rd8 23. Rb1 Rb8 24. Rxb7 Rxb7 25.
Qxb7 Qe5 26. Qb8+ Qxb8 27. Rxb8+ Kh7 28. c6 Nd5 29. Rb7 Bd6 30. c4 Nc7 31. Bb6 Na8 32. c5 Be5 33. c7 Nxc7 34. Bxc7 1-0

[Event "Early-Titled-Tuesday-Blitz-January-23-2024"]
[Site "Chess.com"]
[Date "2024.01.23"]
[Round "11"]
[White "DavidGavrilescu18"]
[Black "RandomNoob04"]
[Result "1-0"]
[WhiteElo "2796"]
[BlackElo "2566"]
[TimeControl "180+1"]
[EndTime "10:06:10 PST"]
[Termination "DavidGavrilescu18 won by checkmate"]

1. d4 Nf6 2. g4 Nxg4 3. e4 d5 4.
h3 Nh6 5. Nc3 dxe4 6. Nxe4 Nf5 7. Nf3 e6 8. Rg1 Nd7 9. Bd3 b6 10. Qe2 Bb7 11. Bf4 Nf6 12. O-O-O Nxe4 13. Bxe4 Bxe4 14.
Qxe4 Qd5 15. Qe2 Bd6 16. Bxd6 cxd6 17. Kb1 O-O 18. h4 Rac8 19. h5 h6 20. Rg4 Rc7 21.
Rdg1 Rfc8 22. c3 b5 23. Nd2 b4 24. c4 Nxd4 25. Rxg7+ Kf8 26. Qd3 Qf5 27. Ne4 Rxc4 28. Rg8+ Ke7 29. Rxc8 Rxc8 30. Qxd4 d5 31. Qxb4+ Ke8 32. Rg8+ Kd7 33. Qd6# 1-0

[Event "Early-Titled-Tuesday-Blitz-January-23-2024"]
[Site "Chess.com"]
[Date "2024.01.23"]
[Round "11"]
[White "stratacticos"]
[Black "Alenzer"]
[Result "0-1"]
[WhiteElo "2014"]
[BlackElo "2141"]
[TimeControl "180+1"]
[EndTime "10:06:11 PST"]
[Termination "Alenzer won by resignation"]

1. e4 c5 2. b4 cxb4 3. a3 bxa3 4. Nxa3 d5 5. exd5 Qxd5 6. Nf3 Bg4 7. Bb5+ Nc6 8. O-O Bxf3 9. Qxf3 Qxf3 10. gxf3 Nf6 11.
Nc4 e6 12. Nb6 Rb8 13. Rxa7 Bc5 14. Bxc6+ bxc6 15. Ra8 Rxa8 16. Nxa8 Kd7 17. d4 Ba7 18. Bf4 Rxa8 19. Ra1 Nd5 20. Bd2 Nc7 21. Be3 Bb6 22.
Rb1 Ra6 23. c4 Kc8 24. f4 Ba7 25. Kg2 Rb6 26. Ra1 Kb7 27. Kf3 f5 28. h4 Rb3 29.
Ke2 Ne8 30. h5 Nf6 31. f3 Nxh5 32. Rh1 Ng3+ 0-1

[Event "Early-Titled-Tuesday-Blitz-January-23-2024"]
[Site "Chess.com"]
[Date "2024.01.23"]
[Round "11"]
[White "BardArtem"]
[Black "nihalsarin"]
[Result "0-1"]
[WhiteElo "2822"]
[BlackElo "3179"]
[TimeControl "180+1"]
[EndTime "10:06:12 PST"]
[Termination "nihalsarin won by resignation"]

1. e4 Na6 2. d4 c6 3. Nf3 d5 4. exd5 cxd5 5. Ne5 Nc7 6. Bd3 Nf6 7. O-O e6 8. Nd2 Be7 9. Qe2 O-O 10. f4 Bd7 11. Rf3 a6 12. Rh3 g6 13. Ndf3 Bb5 14. f5 exf5 15.
Bh6 Bxd3 16. cxd3 Ne6 17. Bxf8 Bxf8 18. Nxf7 Kxf7 19. Ne5+ Kg7 20. Nxg6 Nxd4 21. Qe5 hxg6 22. Qxd4 Qc7 23. Kh1 Re8 24. Qh4 Qe5 25. Rf1 Kf7 26.
Qa4 Qxb2 27. Qa5 Bd6 28. Qa4 Re2 29. Rg1 Qb4 30. Qd1 Qd2 31. Qb3 Qb2 32. Qa4 Qxa2 33. Qd4 Qb2 34. Qb6 Qxb6 0-1

[Event "Early-Titled-Tuesday-Blitz-January-23-2024"]
[Site "Chess.com"]
[Date "2024.01.23"]
[Round "11"]
[White "MIss_MIaMI"]
[Black "GoValya"]
[Result "1-0"]
[WhiteElo "2435"]
[BlackElo "2313"]
[TimeControl "180+1"]
[EndTime "10:06:13 PST"]
[Termination "MIss_MIaMI won by checkmate"]

1. e4 e6 2. d4 d5 3. exd5 exd5 4. Qf3 Nf6 5. h3 Bd6 6. Bd3 h6 7. g4 O-O 8. Ne2 Re8 9. c3 Ne4 10. Be3 Nc6 11. Nd2 Nxd2 12. Kxd2 Be6 13. Rag1 Na5 14. g5 hxg5 15. Bxg5 Be7 16. Qh5 f5 17.
Nf4 Bf7 18. Qh4 Bxg5 19. Rxg5 Nc4+ 20. Bxc4 dxc4 21. Rhg1 Re4 22. Rxg7+ Kf8 23. Qh8+ Ke7 24. Rxf7+ Kxf7 25. Rg7+ Kf6 26. Qh6# 1-0

[Event "Early-Titled-Tuesday-Blitz-January-23-2024"]
[Site "Chess.com"]
[Date "2024.01.23"]
[Round "11"]
[White "Witty_Alien"]
[Black "omulcafea"]
[Result "0-1"]
[WhiteElo "2344"]
[BlackElo "2460"]
[TimeControl "180+1"]
[EndTime "10:06:15 PST"]
[Termination "omulcafea won on time"]

1. e4 c5 2. Nf3 d6 3. d4 cxd4 4. Nxd4 Nf6 5. Nc3 a6 6. Bc4 e6 7. Bb3 Nc6 8. O-O Qc7 9. f4 Na5 10. e5 dxe5 11. fxe5 Qxe5 12. Bf4 Qc5 13. Kh1 Be7 14.
Na4 Qa7 15. Bc7 Nxb3 16. axb3 b5 17. Nb6 Qxc7 18. Nxa8 Qb8 19. Qf3 Bb7 20. Qg3 Qxa8 21. Nf5 exf5 22. Rae1 Be4 23. Qxg7 Rg8 24. Qh6 Rxg2 0-1